 Dungeon Crawl Stone Soup version 0.17-a0-1262-gd250d98 (webtiles) character file.

121 HEYYEYAAE the Gusty (level 5, -3/37 HPs)
             Began as a Human Air Elementalist on June 6, 2015.
             Slain by a centaur skeleton (7 damage)
             ... on level 3 of the Dungeon.
             The game lasted 00:05:41 (2308 turns).

HEYYEYAAE the Gusty (Human Air Elementalist)        Turns: 2308, Time: 00:05:41

Health: -3/37      AC:  3    Str:  8    XL:     5   Next: 26%
Magic:  5/9        EV: 13    Int: 17    God:
Gold:   225        SH:  0    Dex: 17    Spells: 1 memorised, 8 levels left

rFire  . . .     SeeInvis .     g - +0 dagger
rCold  . . .     Clarity  .     a - +0 robe
rNeg   . . .     SustAt   .     (no shield)
rPois  .         Gourm    .     q - +0 helmet (curse)
rElec  .         Spirit   .     (no cloak)
rCorr  .         Warding  .     (no gloves)
rMut   .         Stasis   .     (no boots)
MR     .....                    (no amulet)
Stlth  ++........               (no ring)
                                k - +4 ring of dexterity

@: lethally poisoned (-3 -> -12), very slightly contaminated, not resistant to
hostile enchantments, unstealthy
A: no striking features
a: no special abilities


You were on level 3 of the Dungeon.
You were not hungry.

You visited 1 branch of the dungeon, and saw 3 of its levels.

You collected 225 gold pieces.

Inventory:

Hand weapons
 g - a +0 dagger (weapon)
Armour
 a - a +0 robe (worn)
 e - a +0 pair of gloves
 l - a +1 ring mail of poison resistance
 q - a cursed +0 helmet (worn)
Jewellery
 k - a +4 ring of dexterity (left hand)
Scrolls
 h - a scroll of amnesia {unknown}
 i - 5 scrolls of enchant armour {unknown}
 j - 5 scrolls of identify {unknown}
 m - a scroll of blinking {unknown}
 p - a scroll of remove curse {unknown}
 r - a scroll of immolation {unknown}
 s - a scroll of recharging {unknown}
 t - a scroll of magic mapping {unknown}
Books
 b - a book of Air

   Spells                             Type                      Level
   a - Shock                          Conjuration/Air              1
   b - Swiftness                      Charms/Air                   2
   c - Repel Missiles                 Charms/Air                   2
   d - Static Discharge               Conjuration/Air              3
   e - Lightning Bolt                 Conjuration/Air              5
Comestibles
 c - 3 bread rations
 d - 2 slices of pizza
 f - 3 chunks of flesh
 n - a meat ration


   Skills:
 + Level 1.1 Fighting
 + Level 1.5 Armour
 + Level 2.5 Dodging
 - Level 2.0 Stealth
 * Level 2.8 Spellcasting
 * Level 2.1 Conjurations
 * Level 3.5 Air Magic


You had 8 spell levels left.
You knew the following spells:

 Your Spells              Type           Power        Failure   Level  Hunger
a - Shock                 Conj/Air       ##..         6%          1    #......


Dungeon Overview and Level Annotations

Branches:
Dungeon (3/15)

Altars:
Elyvilon
Yredelemnul
Zin


Message History

Aiming: Shock
Press: ? - help, Shift-Dir - straight line, f/p - centaur skeleton
Aim: a centaur skeleton The zap hits the centaur skeleton.
The centaur skeleton misses you. The centaur skeleton hits you.
* * * LOW HITPOINT WARNING * * *
The centaur skeleton hits you.
* * * LOW HITPOINT WARNING * * *
Drink which item? (? for menu, Esc to quit)
It was a potion of poison.
That liquid tasted very nasty...
You are lethally poisoned!
You hear the quick rusting of a very distant drain.
* * * LOW HITPOINT WARNING * * *
You feel sick. The centaur skeleton misses you.
You hit the centaur skeleton.
* * * LOW HITPOINT WARNING * * *
You feel sick. The centaur skeleton barely misses you.
The centaur skeleton hits you!
You die...

#...# #...# ## #...#
.### ###### #...# ...#
##.....##...#
...##............#
.##..............#
#..........?##.Z.#
..#######.######@#
..##### #...# ##.##
......# # #.###...####
#####.#####..........#
.....................#
#####.#####..........#
.># #$.# #.###...####
#.# ##.# #.# ##.## #.#
.. #.# ###


You could see a centaur skeleton.

Vanquished Creatures
  Robin (D:2)
  4 gnolls (D:3)
  3 adders
  A giant gecko (D:2)
  A ball python (D:2)
  4 bats
  2 giant cockroaches
  7 hobgoblins
  A giant newt (D:1)
  7 goblins
  2 jackals (D:1)
  4 kobolds
  16 rats
53 creatures vanquished.

Notes
Turn   | Place    | Note
--------------------------------------------------------------
     0 | D:1      | HEYYEYAAE the Human Air Elementalist began the quest for the Orb.
     0 | D:1      | Reached XP level 1. HP: 13/13 MP: 3/3
   137 | D:1      | Reached XP level 2. HP: 13/19 MP: 0/5
   733 | D:2      | Reached skill level 1 in Armour
   733 | D:2      | Reached XP level 3. HP: 25/25 MP: 4/6
  1095 | D:2      | HP: 1/37 [poisoned by an adder]
  1238 | D:2      | Noticed Robin
  1419 | D:2      | Reached XP level 4. HP: 26/31 MP: 3/7
  1457 | D:2      | Killed Robin
  1626 | D:2      | Reached skill level 1 in Fighting
  1998 | D:3      | Reached XP level 5. HP: 18/37 MP: 0/9
  2232 | D:3      | Found a white marble altar of Elyvilon.
  2232 | D:3      | Found a glowing silver altar of Zin.
  2232 | D:3      | Found a basalt altar of Yredelemnul.
  2308 | D:3      | Slain by a centaur skeleton

Vault maps used:
D:1:      erik_arrival_orb_chamber
D:2:      uniq_robin
D:3:      minitemple, portal_sewer_entry_b, corexii_leaking_fountain,
          cheibrodos_gnoll_hut

Action                   |  1- 3 |  4- 6 || total
-------------------------+-------+-------++-------
Melee: Dagger            |    45 |    26 ||    71
       Unarmed           |     7 |       ||     7
 Cast: Shock             |    54 |    38 ||    92
  Use: Potion            |     1 |     2 ||     3
 Stab: Distracted        |     1 |       ||     1
       Sleeping          |     2 |     1 ||     3
  Eat: Chunk             |     1 |     3 ||     4
       Beef jerky        |     1 |       ||     1
